 Dungeon Crawl Stone Soup version 0.31.0-10-gcf4a605ca0 (webtiles) character file.

Game seed: 7004148066364168919

79 Gadfly the Changeling (level 4, -1/33 HPs)
             Began as a Merfolk Shapeshifter on Jan 26, 2024.
             Slain by an orc priest
             ... wielding a +0 hand axe
              (4 damage)
             ... on level 3 of the Dungeon.
             The game lasted 00:02:21 (2191 turns).

Gadfly the Changeling (Merfolk Shapeshifter)        Turns: 2191, Time: 00:02:22

Health: -1/33      AC:  2    Str: 16    XL:     4   Next: 37%
Magic:  4/4        EV: 13    Int:  9    God:
Gold:   52         SH:  0    Dex: 13    Spells: 0/3 levels left

rFire   . .          .
                       - Unarmed
rCold   . . .        (no shield)
rNeg    . . .        a - +0 animal skin
rPois   .            f - melded +0 helmet
rElec   .            (cloak currently unavailable)
rCorr   .            (gloves currently unavailable)
SInv    .            h - melded +1 pair of boots
Will    .....        (no amulet)
Stlth   +            (no ring)
HPRegen 0.25/turn    (no ring)
MPRegen 0.09/turn

%: no passive effects
@: beast-form
A: beast (slay +2), (nimble swimmer 2), mertail
a: Begin Untransformation


You were on level 3 of the Dungeon.
You were a hulking beast.
You visited 1 branch of the dungeon, and saw 3 of its levels.

You collected 52 gold pieces.

Inventory:

Hand Weapons
 e - a +3 vampiric hand axe
Armour
 a - a +0 animal skin (worn)
 f - a +0 helmet (melded)
 h - a +1 pair of boots (melded)
Talismans
 c - a beast talisman (active)
 d - a flux talisman
Scrolls
 j - a scroll of enchant weapon
Potions
 b - 2 potions of lignification
 g - a potion of curing {unknown}


   Skills:
 + Level 1.8 Fighting
 * Level 3.9 Dodging
 * Level 3.8 Unarmed Combat
 * Level 1.7 Evocations
 + Level 4.2 Shapeshifting


You couldn't memorise any spells.
You knew the following spells:

 Your Spells              Type           Power      Damage    Failure   Level
a - Swiftness             Air            0%         N/A       77%         3

Your spell library contained the following spells:

 Spells                   Type           Power      Damage    Failure   Level
 Ensorcelled Hibernation  Hex/Ice        0%         N/A       52%         2
 Passwall                 Erth           0%         N/A       77%         3


Dungeon Overview and Level Annotations

Branches:
Dungeon (3/15)

Altars:
Hepliaklqana
Wu Jian


Innate Abilities, Weirdness & Mutations

You are a hulking beast.
Your limbs bulge with bestial killing power. (Slay +2)
((You are very nimble when in or above water. (Stealth+, EV+, Speed+++)))
Your lower body shifts to a powerful aquatic tail in water.


Message History

The orc is healed somewhat.
The orc hits you with a +0 hand axe.
You hit the orc.
The orc is moderately wounded.
The orc hits you with a +0 short sword of speed.
The orc hits you with a +0 hand axe.
You punch the orc!
You kill the orc!
The orc misses you.
The orc hits you with a +0 short sword of speed.
You hit the orc priest.
The orc priest is heavily wounded.
The orc hits you with a +0 short sword of speed.
You hit the orc priest but do no damage.
The orc priest is heavily wounded.
The orc hits you with a +0 short sword of speed.
The orc priest invokes the aid of Beogh against you.
Pain shoots through your body! The orc barely misses you.
The orc hits you with a +0 short sword of speed.
You are too injured to fight recklessly!
You are too injured to fight recklessly!
You are too injured to fight recklessly!
You are too injured to fight recklessly!
You are too injured to fight recklessly!
You are too injured to fight recklessly!
You are too injured to fight recklessly!
You are too injured to fight recklessly!
You are too injured to fight recklessly!
You are too injured to fight recklessly!
You are too injured to fight recklessly!
You are too injured to fight recklessly!
Unknown command.
You hit the orc priest but do no damage.
The orc priest is heavily wounded.
The orc hits you with a +0 short sword of speed.
The orc priest mumbles some strange prayers to Beogh against you.
Beogh smites you!
* * * LOW HITPOINT WARNING * * *
Unknown command.
The orc priest hits you with a +0 hand axe.
You die...

.#.ยง_o.#...######
#?...o..o.......#
#..###.#.>.......
#..
#.....############
# #..P.#.##
#.......#
#.####.>###.......#
## ##.oo#.......#
###oo.......####
##oh..........
#........#.
##.......#
#.......#
####...>## .
####..## # ..
##..## .#...
##..##....#
##......##


You could see an orc priest and 4 orcs.

Vanquished Creatures
  A bombardier beetle (D:2)
  2 ribbon worms
  An orc (D:3)
  3 ball pythons
  2 endoplasms (D:1)
  A giant cockroach (D:3)
  4 goblins (D:2)
  3 hobgoblins (D:2)
  4 jackals
  4 kobolds
  2 quokkas
  5 bats
  3 frilled lizards (D:2)
  7 rats
42 creatures vanquished.

Notes
Turn   | Place    | Note
-------+----------+-------------------------------------------
     0 | D:1      | Gadfly the Merfolk Shapeshifter began the quest for the
                  | Orb.
     0 | D:1      | Reached XP level 1. HP: 15/15 MP: 1/1
   968 | D:2      | Reached XP level 2. HP: 16/21 MP: 2/2
  1197 | D:2      | Reached skill level 1 in Evocations
  1268 | D:2      | Reached XP level 3. HP: 20/26 MP: 3/3
  1453 | D:2      | Reached XP level 4. HP: 29/33 MP: 4/4
  1457 | D:2      | Learned a level 3 spell: Swiftness
  2045 | D:3      | Found an ornate altar of the Wu Jian Council.
  2146 | D:3      | Found a hazy altar of Hepliaklqana.
  2191 | D:3      | Slain by an orc priest

Illustrated notes

Levels and vault maps discovered:
D:1:      ncdulo_lavacross, layout_loops_corners, minmay_misc_feat_four_crosses,
          chequers_big_river
D:2:      layout_loops_ring, minmay_surrounded
D:3:      layout_rooms, nicolae_hepliaklqana_hazy_memory, lemuel_doored_altar,
          uniq_jessica, uniq_crazy_yiuf_cottage

Skill      XL: |  1  2 |
---------------+-------+-----
Dodging        | 3 |  3.9
Evocations     | 1 |  1.7
Fighting       | |  1.8
Unarmed Combat | |  3.8
Shapeshifting  | |  4.2

Action                     |  1- 3 |  4- 6 || total
---------------------------+-------+-------++-------
  Melee: Unarmed           |    74 |    43 ||   117
         Punch             |       |     1 ||     1
Ability: Begin Untransform |     2 |       ||     2
    Use: Scroll            |     4 |     1 ||     5
   Stab: Sleeping          |     2 |       ||     2
 Armour: Animal skin       |    38 |    28 ||    66
  Dodge: Dodged            |    48 |    18 ||    66
   Form: Beast             |     2 |       ||     2
